 Dungeon Crawl Stone Soup version 0.27-a0-1196-g3e9cee4cb2 (webtiles) character file.

Game seed: 5708211527674561323

248328 freelancePsychic the Sniper (level 19, -20/98 HPs)
             Began as a Spriggan Hunter on May 29, 2021.
             Was the Champion of Okawaru.
             Killed from afar by a deep elf annihilator (39 damage)
             ... with a poison arrow
             ... on level 3 of the Elven Halls.
             The game lasted 02:38:25 (52011 turns).

freelancePsychic the Sniper (Spriggan Hunter)      Turns: 52011, Time: 02:38:25

Health: -20/98     AC:  8    Str: 11    XL:     19   Next: 24%
Magic:  0/40       EV: 39    Int: 18    God:    Okawaru [******]
Gold:   1963       SH:  0    Dex: 21    Spells: 34/40 levels left

rFire    . . .     SeeInvis +   b - +3 triple crossbow of the Goat {penet, Dex+2}
rCold    + . .     Faith    +   (shield currently unavailable)
rNeg     . . .     Spirit   +   Q - +4 moon troll leather armour {Spirit, Regen++ MP+5}
rPois    .         Reflect  .   (helmet restricted)
rElec    .         Harm     .   c - scarf {+Inv}
rCorr    .         Rampage  .   (gloves unavailable)
Will     ++++.                  (boots unavailable)
Stlth    +++++.....             x - amulet of faith
HPRegen  2.26/turn              K - ring of Haraom {Will+ Int+4 SInv}
MPRegen  0.27/turn              D - ring of protection from cold

@: lethally poisoned (-20 -> -43), heroic, finesse-ful, studying Invocations,
very quick
A: very small, no large weapons, unfitting armour, see invisible, speed 3
}: 1/15 runes: serpentine
a: Renounce Religion, Evoke Invisibility, Heroism, Finesse


You were on level 3 of the Elven Halls.
You worshipped Okawaru.
Okawaru was exalted by your worship.
You visited 6 branches of the dungeon, and saw 31 of its levels.
You visited 1 bazaar.
You also visited: Bailey, Gauntlet, Ice Cave and Desolation.

You collected 4033 gold pieces.
You spent 2070 gold pieces at shops.

Inventory:

Hand Weapons
 a - a +2 triple crossbow of flaming
 b - the +3 triple crossbow of the Goat (weapon) {penet, Dex+2}
   (Okawaru gifted it to you on level 2 of the Elven Halls)

   Ammo fired by it passes through the targets it hits, potentially hitting all
   targets in its path until it reaches maximum range.
   It affects your dexterity (+2).
 m - the +11 rapier "Gaisch" {venom, Fly rN++ Int+3}
   (You found it on level 2 of the Snake Pit)

   It poisons the flesh of those it strikes.
   It affects your intelligence (+3).
   It greatly protects you from negative energy.
   It grants you flight.
Missiles
 d - 68 bolts (quivered ammo)
 H - 6 curare-tipped darts
Armour
 c - a scarf of invisibility (worn)
 h - a +2 cloak
 Q - the +4 moon troll leather armour (worn) {Spirit, Regen++ MP+5}
   (You took it off a minotaur in a Gauntlet)

   It affects your magic capacity (+5).
   It increases your rate of health regeneration.
Jewellery
 x - an amulet of faith (around neck)
 D - a ring of protection from cold (right hand)
 F - a +6 ring of intelligence
 I - a ring of poison resistance
 K - the ring of Haraom (left hand) {Will+ Int+4 SInv}
   (You took it off a servant of whispers in the Desolation of Salt)

   [ring of willpower]

   It affects your intelligence (+4).
   It lets you see invisible.
   It increases your willpower.
 L - a ring of resist corrosion
 P - an amulet of guardian spirit
 W - an amulet of magic regeneration
 X - a ring of willpower
 Y - a ring of ice
Wands
 i - a wand of paralysis (14)
 k - a wand of flame (12)
 t - a wand of charming (6)
 M - a wand of polymorph (13)
 R - a wand of digging (11)
 Z - a wand of acid (5)
Scrolls
 j - 7 scrolls of vulnerability
 o - 4 scrolls of fog
 r - a scroll of blinking
 u - a scroll of holy word
 v - 14 scrolls of teleportation {@r4}
 w - 4 scrolls of fear
 y - 6 scrolls of enchant armour
 B - 7 scrolls of immolation
 E - 6 scrolls of amnesia
 J - a scroll of silence
 N - a scroll of summoning
 O - 2 scrolls of enchant weapon
 S - a scroll of brand weapon
 U - 13 scrolls of identify {@r1}
 V - a scroll of magic mapping
Potions
 e - 9 potions of haste {@q3}
 g - 7 potions of heal wounds {@q2}
 l - 14 potions of ambrosia
 n - 6 potions of magic
 p - 7 potions of mutation
 q - 5 potions of lignification
 s - 12 potions of curing {@q1}
 z - 2 potions of flight
 A - a potion of invisibility
 C - a potion of might
 G - 4 potions of brilliance
Miscellaneous
 f - a box of beasts (inert)
 T - a condenser vane


   Skills:
 - Level 9.6(14.6) Fighting
 - Level 21.3(26.3) Crossbows
 - Level 19.3(24.3) Dodging
 - Level 6.1(11.1) Stealth
 + Level 11.1 Spellcasting
 + Level 15.7 Translocations
 - Level 5.0 Invocations
 - Level 15.4 Evocations


You had 34 spell levels left.
You knew the following spells:

 Your Spells              Type           Power      Damage    Failure   Level
a - Apportation           Tloc           100%       N/A       0%          1
b - Summon Forest         Summ/Tloc      19%        N/A       10%         5

Your spell library contained the following spells:

 Spells                   Type           Power      Damage    Failure   Level
 Manifold Assault         Tloc           61%        N/A       1%          5
 Iskenderun's Mystic Bla  Conj/Tloc      38%        2d9       3%          4
 Animate Skeleton         Necr           20%        N/A       9%          1
 Corona                   Hex            11%        N/A       9%          1
 Foxfire                  Conj/Fire      40%        2x1d6     9%          1
 Freeze                   Ice            40%        1d6       9%          1
 Magic Dart               Conj           40%        1d5       9%          1
 Pain                     Necr           40%        1d6       9%          1
 Sandblast                Erth           20%        2d7       9%          1
 Shock                    Conj/Air       40%        1d5       9%          1
 Summon Small Mammal      Summ           40%        N/A       9%          1
 Corpse Rot               Necr/Air       N/A        N/A       14%         2
 Passwall                 Tmut/Erth      8%         N/A       14%         2
 Searing Ray              Conj           20%        3d3       14%         2
 Static Discharge         Conj/Air       10%        N/A       14%         2
 Sublimation of Blood     Necr           5%         N/A       14%         2
 Call Canine Familiar     Summ           10%        N/A       26%         3
 Dazzling Flash           Conj/Hex       20%        N/A       26%         3
 Frozen Ramparts          Ice            20%        1d4       26%         3
 Ozocubu's Armour         Ice            10%        N/A       26%         3
 Stone Arrow              Conj/Erth      20%        3d8       26%         3
 Swiftness                Air            10%        N/A       26%         3
 Vampiric Draining        Necr           5%         2d6       26%         3
 Airstrike                Air            5%         N/A       65%         4
 Animate Dead             Necr           5%         N/A       65%         4
 Dispel Undead            Necr           10%        3d9       65%         4
 Fulminant Prism          Conj/Hex       5%         3d7       65%         4
 Hailstorm                Conj/Ice       10%        3d5       65%         4
 Petrify                  Tmut/Erth      10%        N/A       65%         4
 Summon Lightning Spire   Summ/Air       10%        N/A       65%         4
 Disjunction              Tloc           30%        N/A       67%         8
 Agony                    Necr           10%        N/A       94%         5
 Excruciating Wounds      Necr           5%         N/A       94%         5
 Fireball                 Conj/Fire      5%         3d5       94%         5
 Irradiate                Conj/Tmut      5%         3d15      94%         5
 Lee's Rapid Deconstruct  Erth           5%         3d7*      94%         5
 Lightning Bolt           Conj/Air       5%         1d17      94%         5
 Metabolic Englaciation   Hex/Ice        5%         N/A       94%         5
 Summon Mana Viper        Hex/Summ       10%        N/A       94%         5
 Malign Gateway           Summ/Tloc      19%        N/A       97%         7
 Blade Hands              Tmut           5%         N/A       100%        6
 Iron Shot                Conj/Erth      5%         9d2       100%        6
 Shadow Creatures         Summ           N/A        N/A       100%        6
 Statue Form              Tmut/Erth      6%         N/A       100%        6
 Dragon Form              Tmut           5%         N/A       100%        7
 Haunt                    Necr/Summ      5%         N/A       100%        7
 Monstrous Menagerie      Summ           5%         N/A       100%        7
 Summon Hydra             Summ           5%         N/A       100%        7
 Chain Lightning          Conj/Air       5%         N/A       100%        8
 Lehudib's Crystal Spear  Conj/Erth      5%         10d3      100%        8
 Summon Horrible Things   Summ           5%         N/A       100%        8
 Absolute Zero            Ice            5%         ∞         100%        9
 Fire Storm               Conj/Fire      5%         8d1       100%        9


Dungeon Overview and Level Annotations

Branches:
Dungeon (15/15)            Temple (1/1) D:6            Lair (6/6) D:10
 Shoals (0/4) Lair:3        Snake (4/4) Lair:3        Slime (0/5) Lair:5
    Orc (2/2) D:9             Elf (3/3) Orc:2        Vaults (0/5) D:13
 Depths (0/5) D:15         Bailey (visited)           IceCv (visited)
Desolation (visited)      Gauntlet (visited)

Altars:
Ashenzari
Cheibriados
Dithmenos
Fedhas
Hepliaklqana
Kikubaaqudgha
Makhleb
Nemelex Xobeh
Okawaru
Ru
Uskayaw
Vehumet
Wu Jian
Xom
Yredelemnul
Zin
Beogh

Shops:
D:5 [   D:6 :   D:8 :   D:11 [   Orc:1 =   Orc:2 *([:?   Elf:1 !=   Elf:2 !
Elf:3 [   Snake:1 =

Portals:
Abyss: Lair:4

Annotations:
Lair:4 2 transporters, Piwky's ghost, journeyman TrMo
Snake:3 Vashnia
Elf:2 5 runed translucent doors
Elf:3 Roxanne


Innate Abilities, Weirdness & Mutations

You are very small and have problems with some larger weapons.
You are too small for most types of armour.
You have supernaturally acute eyesight. (SInv)
You cover ground extremely quickly. (Speed+++)


Message History

You shoot a bolt.
The bolt pierces through the deep elf elementalist but does no damage.
The deep elf elementalist casts a spell.
The deep elf elementalist seems to speed up.
A deep elf sorcerer comes into view. It is wielding a +0 long sword.
A deep elf death mage comes into view.
It is wielding a +0 scimitar of freezing.
Fire: 70 bolts
Press: ? - help, Q - select action, (/) - cycle Shift-Dir - straight line, f - deep elf sorcerer, p - deep elf elementalist
Aim: a deep elf sorcerer, wielding a +0 long sword (71% to hit)
You shoot a bolt.
The bolt pierces through the deep elf elementalist!!!
The deep elf elementalist is severely wounded.
The bolt pierces through the deep elf death mage!!
The deep elf death mage is moderately wounded.
The bolt pierces through the deep elf sorcerer!
The deep elf sorcerer is moderately wounded.
Your elder oxsting beast hits the deep elf elementalist!
Your elder oxsting beast tramples the deep elf elementalist.
The deep elf elementalist holds its ground!
Your elder oxsting beast barely misses the deep elf elementalist.
Fire: 69 bolts
Press: ? - help, Q - select action, (/) - cycle Shift-Dir - straight line, f/p - deep elf sorcerer
Aim: a deep elf sorcerer, wielding a +0 long sword (moderately wounded, 71% to hit)
You shoot a bolt.
The bolt pierces through the deep elf elementalist!
You kill the deep elf elementalist!
Okawaru accepts your kill.
The bolt closely misses the deep elf death mage.
The bolt pierces through the deep elf sorcerer!!
The deep elf sorcerer is severely wounded.
The deep elf annihilator points at you and mumbles some strange words.
The poison arrow hits you!!!
You are poisoned.
* * * LOW HITPOINT WARNING * * *
You feel very sick.
You hear rumbling.
The deep elf annihilator casts a spell at you.
The poison arrow hits you!!!
You are lethally poisoned!
You die...

..e###.§.(.....###.)....
.#...e(.(. ..e..#(.... .#######(
.)..)e. .# #eH.# .# #.e)# (#
#.#(# .# #.#.# .## #.#.# ..##
#.@.# ...#############.#########
..........................
..........................
##'#####...#######'#############
.......# .+...................#.
.......# #...................#.
.......# .#...................#.
.......# .#...................#.


You could see a deep elf annihilator and a deep elf death mage.

Vanquished Creatures
  Jorgrun (Snake:1)
  A deep elf blademaster (Elf:2)
  A deep elf master archer (Elf:3)
  4 nagarajas (Snake:4)
  A frost giant (IceCv)
  2 deep elf elementalists (Elf:3)
  An orc warlord (Orc:2)
  A deep elf sorcerer (Elf:2)
  2 imperial myrmidons (Desolation)
  4 deep elf demonologists
  2 deep elf annihilators (Elf:3)
  Nessos (D:14)
  Azrael (Snake:3)
  A dire elephant (D:15)
  A minotaur (Gauntlet)
  A deep elf death mage (Elf:2)
  A deep elf high priest (Elf:3)
  17 naga warriors
  2 vault guards (D:13)
  7 hydras
  A ragged hierophant (Desolation)
  A boulder beetle (D:11)
  An ice dragon (Orc:1)
  Fannar (D:12)
  3 salamander tyrants
  4 peacekeepers (Desolation)
  2 servants of whispers
  An ogre mage (D:15)
  3 centaur warriors
  14 two-headed ogres
  11 anacondas
  7 dancing weapons
  3 catoblepae (D:14)
  A death knight (D:15)
  16 death yaks
  4 orc high priests
  2 tengu warriors (D:15)
  4 shock serpents
  13 deep elf knights
  15 naga sharpshooters
  A fire crab (shapeshifter) (Elf:1)
  5 salamander mystics
  11 naga ritualists
  6 deep elf archers
  2 sea snakes (Snake:1)
  2 wizards (D:13)
  27 deep elf pyromancers
  2 necromancers (D:13)
  An orange crystal statue (Gauntlet)
  16 deep elf zephyrmancers
  3 orc knights
  11 mana vipers
  12 oklob plants
  15 ugly things
  6 orc sorcerers
  3 manticores (D:15)
  3 cyclopes
  A salamander (shapeshifter) (D:13)
  5 guardian serpents
  2 elephants
  16 salamanders
  39 black mambas
  21 naga magi
  A merfolk siren (Lair:3)
  An ice statue (IceCv)
  2 molten gargoyles
  A torpor snail (Lair:2)
  15 komodo dragons
  27 cane toads
  4 rime drakes
  7 trolls
  2 queen bees
  5 tyrant leeches (Lair:6)
  3 meliai (D:14)
  22 polar bears
  32 blink frogs
  17 saltlings
  A merfolk (Lair:3)
  10 slime creatures
  A dream sheep (shapeshifter) (Elf:2)
  2 air elementals
  3 wraiths
  67 yaks
  2 centaur simulacra
  4 wyverns (Lair:3)
  2 fire elementals (Snake:3)
  A water elemental (Elf:2)
  6 basilisks
  19 humans (D:13)
  A steam dragon (Lair:3)
  17 vampire mosquitoes
  4 hell hounds (Snake:3)
  54 nagas
  7 wargs
  Duvessa (D:4)
  23 water moccasins
  2 acid dragons
  A floating eye (Lair:5)
  42 orc warriors
  A necrophage (D:6)
  A black bear (D:4)
  2 sky beasts
  10 ogres
  33 wolves
  19 centaurs
  4 kobold brigands
  A bullfrog (shapeshifter) (D:14)
  22 bullfrogs
  2 earth elementals
  4 scorpions
  A wyvern zombie (D:5)
  Dowan (D:4)
  A wyvern skeleton (D:6)
  45 killer bees
  6 electric eels
  2 centaur zombies
  A bullfrog zombie (D:5)
  7 hounds
  22 orc priests
  3 centaur skeletons
  8 jellies
  A bullfrog skeleton (D:5)
  A hell rat (Lair:3)
  3 iguanas
  36 orc wizards
  A killer bee zombie (D:6)
  A hound skeleton (D:4)
  4 adders (D:6)
  4 white imps
  3 ufetubi
  3 worms
  A dart slug (D:1)
  108 orcs
  3 bats
  16 endoplasms
  5 giant cockroaches
  5 goblins
  3 hobgoblins
  4 jackals
  5 quokkas
  9 ball pythons
  4 frilled lizards
  13 kobolds
  6 rats
1213 creatures vanquished.

Vanquished Creatures (collateral kills)
  A deep elf blademaster (Elf:3)
  A deep elf master archer (Elf:3)
  A ragged hierophant (Desolation)
  A naga warrior (Snake:4)
  A peacekeeper (Desolation)
  2 servants of whispers (Desolation)
  A salamander mystic (Snake:3)
  2 black mambas (Snake:3)
  A naga mage (Snake:3)
  A molten gargoyle (Desolation)
  A cane toad (Lair:6)
  3 polar bears (IceCv)
  2 blink frogs (Lair:6)
  5 saltlings (Desolation)
  3 nagas (Snake:3)
  A water moccasin (Lair:6)
  An orc warrior (Orc:2)
  An ogre (Orc:2)
  A bullfrog (Lair:6)
  2 orc priests (Orc:2)
  An orc wizard (Orc:2)
  6 orcs (Orc:2)
39 creatures vanquished.

Vanquished Creatures (others)
  Saint Roka (Snake:4)
  A peacekeeper (Elf:1)
  3 shock serpents
  A deep elf knight (Elf:2)
  A deep elf archer (Elf:2)
  2 deep elf zephyrmancers (Elf:2)
  A salamander (Snake:3)
  A cane toad (Lair:5)
  A naga (Snake:3)
  4 wolves (IceCv)
  An orc (Elf:1)
  41 fungi
  147 plants
  9 toadstools (D:6)
214 creatures vanquished.

Grand Total: 1466 creatures vanquished

Notes
Turn   | Place    | Note
-------+----------+-------------------------------------------
     0 | D:1      | freelancePsychic the Spriggan Hunter began the quest for
                  | the Orb.
     0 | D:1      | Reached XP level 1. HP: 10/10 MP: 2/2
   304 | D:1      | Reached XP level 2. HP: 14/14 MP: 3/3
   965 | D:1      | Reached XP level 3. HP: 18/18 MP: 4/4
  1301 | D:2      | Reached skill level 5 in Stealth
  1946 | D:2      | Found a snail-covered altar of Cheibriados.
  2679 | D:3      | Found a snail-covered altar of Cheibriados.
  2788 | D:3      | Reached XP level 4. HP: 22/22 MP: 5/5
  2918 | D:3      | Found a shimmering altar of Xom.
  3069 | D:4      | Identified the +3 leather armour of the Engineer {rC+
                  | Dex+4}
  3311 | D:4      | Found a shadowy altar of Dithmenos.
  3334 | D:4      | Reached XP level 5. HP: 25/25 MP: 6/6
  3533 | D:4      | Noticed a black bear
  3598 | D:4      | Killed a black bear
  3599 | D:4      | Reached skill level 5 in Crossbows
  3775 | D:5      | Entered Level 5 of the Dungeon
  3775 | D:5      | Noticed Duvessa
  3775 | D:5      | Noticed Dowan
  3913 | D:4      | Killed Duvessa
  3914 | D:4      | Reached skill level 5 in Dodging
  3914 | D:4      | Reached XP level 6. HP: 19/30 MP: 7/7
  4394 | D:4      | Killed Dowan
  4933 | D:5      | Reached XP level 7. HP: 16/35 MP: 8/8
  5178 | D:4      | Reached skill level 6 in Crossbows
  6432 | D:5      | Found Raedur's Armour Shoppe.
  6684 | D:5      | Reached skill level 7 in Crossbows
  7008 | D:6      | Found a staircase to the Ecumenical Temple.
  7042 | Temple   | Entered the Ecumenical Temple
  7052 | Temple   | Became a worshipper of Warmaster Okawaru
  7105 | D:6      | Reached XP level 8. HP: 42/42 MP: 9/9
  7544 | D:6      | Noticed a slime creature
  7582 | D:6      | Killed a slime creature
  7583 | D:6      | Reached skill level 8 in Crossbows
  7632 | D:6      | Noticed a slime creature
  7708 | D:6      | Killed a slime creature
  7708 | D:6      | Reached * piety under Okawaru
  7748 | D:6      | Reached skill level 9 in Crossbows
  8051 | D:6      | Reached skill level 5 in Fighting
  8102 | D:6      | Found Osef Meu's Book Shop.
  8107 | D:6      | Reached XP level 9. HP: 47/47 MP: 10/10
  8334 | D:7      | Found a flagged portal.
  8343 | Bailey   | Entered a bailey
  8343 | Bailey   | Noticed an orc knight
  8522 | Bailey   | Reached skill level 10 in Crossbows
  8591 | Bailey   | Noticed an orc knight
  8961 | Bailey   | Reached ** piety under Okawaru
  8991 | Bailey   | Noticed an orc knight
 10312 | D:7      | Found a sacrificial altar of Ru.
 10493 | D:7      | Reached skill level 11 in Crossbows
 10692 | D:7      | Found a hide-covered altar of Uskayaw.
 10959 | D:8      | Found an ornate altar of the Wu Jian Council.
 11224 | D:8      | HP: 2/48 [poisoned by an orc warrior]
 11589 | D:8      | Reached *** piety under Okawaru
 12077 | D:8      | Found Pudol's Book Shoppe.
 12475 | D:8      | Reached XP level 10. HP: 53/53 MP: 11/11
 12979 | D:9      | Found a staircase to the Orcish Mines.
 13218 | D:9      | Noticed a two-headed ogre
 13221 | D:9      | Killed a two-headed ogre
 13221 | D:9      | Reached **** piety under Okawaru
 13221 | D:9      | Received a gift from Okawaru
 13222 | D:9      | Reached skill level 12 in Crossbows
 13434 | D:9      | Found a hazy altar of Hepliaklqana.
 13924 | D:10     | Entered Level 10 of the Dungeon
 13986 | D:10     | Noticed a two-headed ogre
 14008 | D:10     | Killed a two-headed ogre
 14049 | D:10     | Found a glowing silver altar of Zin.
 14137 | D:10     | Noticed a two-headed ogre
 14138 | D:10     | Found the +8 storm bow {elec, penet}
 14155 | D:10     | Killed a two-headed ogre
 14211 | D:10     | Reached skill level 13 in Crossbows
 14461 | D:10     | Received a gift from Okawaru
 14480 | D:10     | Reached XP level 11. HP: 56/56 MP: 12/12
 14497 | D:10     | Found a staircase to the Lair.
 14819 | Lair:1   | Entered Level 1 of the Lair of Beasts
 14862 | D:10     | Reached skill level 1 in Invocations
 15298 | Lair:1   | Reached skill level 10 in Dodging
 15435 | Lair:1   | Received a gift from Okawaru
 15926 | Lair:1   | Received a gift from Okawaru
 16134 | Lair:1   | Reached ***** piety under Okawaru
 16134 | Lair:1   | Received a gift from Okawaru
 16378 | Lair:1   | Reached skill level 5 in Invocations
 17089 | Lair:2   | Received a gift from Okawaru
 17386 | Lair:2   | Noticed a death yak
 17817 | Lair:2   | Killed a death yak
 17818 | Lair:2   | Reached XP level 12. HP: 63/63 MP: 16/16
 19395 | Lair:3   | Found a staircase to the Shoals.
 19636 | Lair:3   | Received a gift from Okawaru
 19875 | Lair:3   | Noticed a death yak
 19876 | Lair:3   | Noticed a death yak
 19877 | Lair:3   | Noticed a death yak
 19879 | Lair:3   | Noticed a death yak
 19880 | Lair:3   | Noticed a death yak
 19883 | Lair:3   | Noticed a death yak
 19909 | Lair:3   | Killed a death yak
 19919 | Lair:3   | Killed a death yak
 19951 | Lair:3   | Killed a death yak
 19952 | Lair:3   | Reached skill level 14 in Crossbows
 20284 | Lair:2   | Killed a death yak
 20351 | Lair:2   | Received a gift from Okawaru
 20377 | Lair:2   | Killed a death yak
 20758 | Lair:3   | Killed a death yak
 20759 | Lair:3   | Reached skill level 15 in Dodging
 20822 | Lair:3   | Received a gift from Okawaru
 20878 | Lair:3   | Reached XP level 13. HP: 70/70 MP: 17/17
 20894 | Lair:3   | Found a staircase to the Snake Pit.
 22068 | Lair:3   | Received a gift from Okawaru
 23008 | Lair:4   | Found a transporter.
 23015 | Lair:4   | Found a transporter.
 23039 | Lair:4   | Received a gift from Okawaru
 23388 | Lair:4   | Received a gift from Okawaru
 23467 | Lair:4   | Found a one-way gate to the infinite horrors of the Abyss.
 23467 | Lair:4   | Noticed Piwky's ghost (journeyman TrMo)
 23873 | Lair:5   | Reached skill level 1 in Evocations
 24232 | Lair:5   | Found a staircase to the Slime Pits.
 24490 | Lair:5   | Reached skill level 15 in Crossbows
 24502 | Lair:5   | Reached skill level 5 in Evocations
 25866 | Lair:6   | Entered Level 6 of the Lair of Beasts
 26006 | Lair:6   | Found a gate leading to a gauntlet.
 26019 | Gauntlet | Entered a Gauntlet
 26019 | Gauntlet | Found a transporter.
 26022 | Gauntlet | Found a transporter.
 26025 | Gauntlet | Found a transporter.
 26029 | Gauntlet | Found a transporter.
 26030 | Gauntlet | Found a transporter.
 26032 | Gauntlet | Found a transporter.
 26039 | Gauntlet | Found a transporter.
 26044 | Gauntlet | Found a transporter.
 26057 | Gauntlet | Found a transporter.
 26074 | Gauntlet | Found a transporter.
 26078 | Gauntlet | Found a transporter.
 26086 | Gauntlet | Found a transporter.
 26162 | Gauntlet | Found the +0 pair of fencer's gloves {Riposte Dex+3}
 26515 | Gauntlet | Identified the +9 war axe of Hospitality {freeze, rN++}
 26515 | Gauntlet | Noticed a minotaur
 26526 | Gauntlet | Killed a minotaur
 26602 | Gauntlet | Identified the +4 battleaxe "Sidisos" {elec, rPois}
 26602 | Gauntlet | Identified the +0 pair of boots of the Spider Nest {Regen+
                  | rCorr}
 26602 | Gauntlet | Identified the +2 scale mail of Vehumet's Castigation
                  | {Str+2}
 26708 | Lair:6   | Reached XP level 14. HP: 70/76 MP: 18/18
 26759 | Lair:6   | Received a gift from Okawaru
 27026 | Lair:6   | Reached skill level 10 in Evocations
 27028 | Lair:6   | Received a gift from Okawaru
 28160 | Lair:5   | Reached skill level 16 in Crossbows
 29381 | Orc:1    | Entered Level 1 of the Orcish Mines
 29388 | Orc:1    | Found Xelurgh's Jewellery Shoppe.
 29436 | Orc:1    | Bought an amulet of faith for 560 gold pieces
 29596 | Orc:1    | Found a frozen archway.
 29645 | IceCv    | Entered an ice cave
 29980 | IceCv    | Received a gift from Okawaru
 30321 | IceCv    | Received a gift from Okawaru
 30478 | IceCv    | Noticed a frost giant
 30510 | IceCv    | Killed a frost giant
 30511 | IceCv    | Reached XP level 15. HP: 47/80 MP: 9/19
 30957 | Orc:1    | Received a gift from Okawaru
 31293 | Orc:2    | Entered Level 2 of the Orcish Mines
 31589 | Orc:2    | Found Rushrotwa's General Store.
 31641 | Orc:2    | Bought a wand of charming (8) for 100 gold pieces
 31877 | Orc:2    | Reached skill level 15 in Evocations
 31889 | Orc:2    | Found Raone's Book Boutique.
 31959 | Orc:2    | Found a staircase to the Elven Halls.
 32271 | Orc:2    | Noticed an orc warlord
 32278 | Orc:2    | Received a gift from Okawaru
 32279 | Orc:2    | Paralysed by an orc sorcerer for 5 turns
 32283 | Orc:2    | HP: 4/80 [orc warrior/+0 mace (16)]
 32469 | Orc:2    | Killed an orc warlord
 32683 | Orc:2    | Found Uxoclaa's Antique Armour Shop.
 32687 | Orc:2    | Found Namoecawk's Antique Weapon Boutique.
 32933 | Orc:2    | Found Heigh's Magic Scroll Boutique.
 33534 | D:11     | Found Ydeikh's Armour Boutique.
 34029 | D:12     | Reached skill level 17 in Crossbows
 34535 | D:12     | Noticed Fannar
 34548 | D:12     | Killed Fannar
 35029 | D:13     | Found a flickering gateway to a bazaar.
 35060 | Bazaar   | Entered a bazaar
 35060 | Bazaar   | Found Suiraill's Book Boutique.
 35077 | Bazaar   | Found Oxeqous's Weapon Emporium.
 35085 | Bazaar   | Found Ralu's Distillery.
 35093 | Bazaar   | Found Vaihycom's Book Boutique.
 35101 | Bazaar   | Bought a Grand Grimoire for 772 gold pieces
 35101 | Bazaar   | Bought Sif Muna's Catalogue of Dislocation and Companions
                  | for 638 gold pieces
 35323 | D:13     | You fall into a shaft and drop 2 floors!
 35323 | D:15     | Entered Level 15 of the Dungeon
 35781 | D:13     | Reached skill level 1 in Translocations
 35782 | D:13     | Reached ****** piety under Okawaru
 35783 | D:13     | Reached skill level 1 in Spellcasting
 35963 | D:13     | Found a gate to the Vaults.
 36006 | D:13     | Received a gift from Okawaru
 36196 | D:13     | Identified the +4 dagger of Fedhas's Whim {antimagic, *Rage
                  | Int+7}
 36411 | D:14     | Identified the +1 robe "Wocwoejamu" {rC+} (Okawaru gifted
                  | it to you on level 14 of the Dungeon)
 36411 | D:14     | Received a gift from Okawaru
 36605 | D:14     | Reached XP level 16. HP: 64/84 MP: 11/22
 36807 | D:14     | Noticed Nessos
 36816 | D:14     | Killed Nessos
 36817 | D:14     | Reached skill level 5 in Translocations
 37264 | D:14     | Reached skill level 5 in Spellcasting
 38123 | D:15     | Received a gift from Okawaru
 38124 | D:15     | Reached skill level 18 in Crossbows
 38439 | D:15     | Received a gift from Okawaru
 38553 | D:15     | Found a staircase to the Depths.
 38918 | Snake:1  | Entered Level 1 of the Snake Pit
 39111 | Snake:1  | Received a gift from Okawaru
 39576 | Snake:1  | Received a gift from Okawaru
 40190 | Snake:1  | Found Cetsoonk's Jewellery Boutique.
 40227 | Snake:1  | Identified the Handbook of Combat Magic
 40239 | Snake:1  | Reached skill level 10 in Translocations
 41174 | Snake:2  | Noticed Jorgrun
 41392 | Snake:1  | Killed Jorgrun
 41763 | Snake:2  | Reached XP level 17. HP: 88/88 MP: 30/30
 41931 | Snake:2  | Received a gift from Okawaru
 42161 | Snake:2  | Received a gift from Okawaru
 42284 | Snake:2  | You fall into a shaft and drop 1 floor!
 42514 | Snake:3  | Noticed Azrael
 42521 | Snake:3  | Killed Azrael
 43651 | Snake:3  | Noticed Vashnia
 44293 | Snake:2  | Received a gift from Okawaru
 44454 | Snake:2  | Identified a scroll of acquirement
 44455 | Snake:2  | Acquired 806 gold pieces
 44460 | Snake:2  | Received a gift from Okawaru
 44664 | Snake:2  | Identified the +11 rapier "Gaisch" {venom, Fly rN++ Int+3}
 44693 | Snake:4  | Entered Level 4 of the Snake Pit
 44904 | Snake:4  | Found a snail-covered altar of Cheibriados.
 44985 | Snake:4  | Noticed Saint Roka
 45258 | Snake:4  | Killed Saint Roka
 45742 | Snake:4  | Identified the +1 arbalest "Warch" {vorpal, rPois rC- rN+
                  | Int+2} (Okawaru gifted it to you on level 4 of the Snake
                  | Pit)
 45742 | Snake:4  | Received a gift from Okawaru
 46051 | Snake:4  | Reached skill level 19 in Crossbows
 46264 | Snake:4  | Reached XP level 18. HP: 93/93 MP: 32/32
 46349 | Snake:4  | Learned a level 1 spell: Apportation
 46539 | Snake:4  | Received a gift from Okawaru
 46784 | Snake:4  | Got a serpentine rune of Zot
 47361 | Elf:1    | Entered Level 1 of the Elven Halls
 47785 | Elf:1    | Reached skill level 20 in Crossbows
 47801 | Elf:1    | Found Qutir's Distillery.
 47810 | Elf:1    | Found a ruined gateway.
 47860 | Desolati | Entered the Desolation of Salt
 48250 | Desolati | Identified the ring of Haraom {Will+ Int+4 SInv}
 48301 | Desolati | Identified the +2 arbalest of the Protecting Hero {vorpal,
                  | rPois rC- rCorr Int+6} (Okawaru gifted it to you in the
                  | Desolation of Salt)
 48301 | Desolati | Received a gift from Okawaru
 48961 | Elf:1    | Found Neibb's Jewellery Emporium.
 49908 | Elf:1    | Reached skill level 21 in Crossbows
 50188 | Elf:2    | Identified the +3 triple crossbow of the Goat {penet,
                  | Dex+2} (Okawaru gifted it to you on level 2 of the Elven
                  | Halls)
 50188 | Elf:2    | Received a gift from Okawaru
 50212 | Elf:2    | Found a huge runed translucent gate.
 50212 | Elf:2    | Found a huge runed translucent gate.
 50212 | Elf:2    | Found a huge runed translucent gate.
 50212 | Elf:2    | Found a huge runed translucent gate.
 50212 | Elf:2    | Found a huge runed translucent gate.
 50520 | Elf:2    | Acquired a manual of Invocations
 50797 | Elf:2    | Received a gift from Okawaru
 50869 | Elf:2    | Reached XP level 19. HP: 93/96 MP: 33/33
 50911 | Elf:2    | Found Bimawom's Distillery.
 50990 | Elf:2    | Received a gift from Okawaru
 50993 | Elf:2    | Reached skill level 10 in Spellcasting
 51198 | Elf:2    | Learned a level 5 spell: Summon Forest
 51223 | Elf:3    | Entered Level 3 of the Elven Halls
 51370 | Elf:3    | Found Jobbo's Antique Armour Emporium.
 51401 | Elf:3    | Reached skill level 15 in Translocations
 51534 | Elf:3    | Identified Roxanne's Tome of Transmigration
 51534 | Elf:3    | Noticed Roxanne
 51625 | Elf:2    | Received a gift from Okawaru
 51977 | Elf:3    | Identified the +9 falchion of Upheaval {flame, Will+}
 51977 | Elf:3    | Identified the ring of the Failed Coup {rElec Will- Int+5
                  | SInv}
 52001 | Elf:3    | Received a gift from Okawaru
 52011 | Elf:3    | Killed from afar by a deep elf annihilator

Illustrated notes

Levels and vault maps discovered:
D:1:      wander_arrival_fairy_ring, layout_rooms
D:2:      layout_basic, basic_altar, patterned_corridor
D:3:      layout_basic, lemuel_coloured_pillars_altar,
          nicolae_overflow_hidden_temple, minmay_misc_feat_x
D:4:      layout_rooms, nicolae_dithmenos_shadow_blocks,
          kennysheep_generic_room_7
D:5:      layout_cave_pods, serial_shops, kennysheep_mini,
          palyth_stone_intersect, hangedman_decor_riveting, uniq_duvessa
D:6:      cheibrodos_fertilizer, layout_loops_ring,
          minmay_temple_entry_stoned_glass, serial_shops, kennysheep_little_box
D:7:      layout_layer_cave, general_overflow_altar, amcnicky_altar_gilded,
          enter_bailey_8
D:8:      layout_gridville, pdpol_wu_jian_five_deadly_venoms, serial_shops,
          shop, minmay_hedge_maze
D:9:      layout_irregular_city, old_standard_altar, david_orc_3
D:10:     layout_roguey, nicolae_overflow_crystal_walls, erik_lair_island
D:11:     layout_rooms, serial_shops, kennysheep_mini_moat,
          grunt_decor_arrowhead
D:12:     layout_stronghold, uniq_fannar
D:13:     layout_loops_ring, grunt_vaults_entry_tiered, serial_shops,
          bzr_entry_customers
D:14:     layout_gridville, special_room [special_room_bee], uniq_nessos
D:15:     hangedman_depths_entry_try_elsewhere_first, layout_small_grid,
          grunt_decor_mini_mirrors
Temple:   nicolae_temple_great_sept
Lair:1:   layout_chaotic_city
Lair:2:   nzn_winding_woodlands_stair_trap [nzn_winding_woodlands_5x15_cabin,
          nzn_winding_woodlands_5x15_pool,
          nzn_winding_woodlands_5x15_river_crossing,
          nzn_winding_woodlands_15x15_eel_pit, nzn_winding_woodlands_5x15_twine,
          nzn_winding_woodlands_5x15_longhouse,
          nzn_winding_woodlands_5x15_concentric], layout_regular_city
Lair:3:   regret_index_harrowing_hell_hive, layout_misc_corridors,
          elwin_shoals_entry_rooms, guppyfry_snake_entry_island,
          infiniplex_staircase_pool
Lair:4:   layout_gridlike, gammafunk_ghost_abyssal_escape, serial_bayou_shore_b,
          lemuel_fruit_fields, infiniplex_staircase_pool_2
Lair:5:   layout_hall_layers, minmay_slime_entry_oklob_enclosed,
          wad_woods_river_04, disabler_island
Lair:6:   minmay_lair_end_frog_pond, layout_cave_pods, gauntlet_entry_generic,
          cheibrodos_lair_lostbears, minmay_lair_oklob_chamber
Snake:1:  kennysheep_six_static_rooms, layout_basic, serial_shops, shop,
          grunt_ministairs_5, serial_bayou_pond_e
Snake:2:  layout_rooms, uniq_jorgrun
Snake:3:  layout_onion, st_stairs_9, uniq_vashnia, uniq_azrael
Snake:4:  snake_pit, layout_cave_town, basic_altar, grunt_ministairs_13,
          nicolae_snake_round_shape_thing, uniq_saint_roka
Orc:1:    layout_caves, serial_shops, nicolae_shop_statue_plus,
          portal_ice_cave_entry_animals_and_master
Orc:2:    grunt_orc_community_town_hall, layout_diamond_mine,
          grunt_orc_community_big_house_2, grunt_orc_community_big_house_2,
          grunt_orc_community_house_1, grunt_orc_community_house_2,
          grunt_orc_community_house_3, grunt_orc_community_house_1,
          grunt_orc_community_house_2, grunt_orc_community_house_2,
          guppyfry_orc_lava_fort
Elf:1:    eino_elf_arrival_customs, layout_gridlike, serial_shops,
          shop_fountains, shop, portal_desolation_entry_nicolae_nacl,
          minmay_elf_crystal_hexagon, roderic_lattice_octagonal_star
Elf:2:    layout_gridlike, serial_shops, shop
Elf:3:    grunt_elf_hall_branching, layout_onion_city, basic_altar,
          serial_shops, nicolae_shop_overgrown_old_shop,
          corexii_leaking_fountain, uniq_bai_suzhen, uniq_roxanne

Skill      XL: |  1  2  3  4  5  6  7  8  9 10 11 12 13 14 15 16 17 18 19 |
---------------+----------------------------------------------------------+-----
Stealth        | 3 4 6 |  6.1
Dodging        | 3 5 6 9 13 15 16 18 19 | 19.3
Crossbows      | 5 7 9 11 13 14 15 16 17 18 19 21 | 21.3
Fighting       | 2 3 5 6 7 9 |  9.6
Invocations    | 5 |  5.0
Evocations     | 8 14 15 | 15.4
Translocations | 4 11 14 15 | 15.7
Spellcasting   | 3 8 9 11 | 11.1

Action                   |  1- 3 |  4- 6 |  7- 9 | 10-12 | 13-15 | 16-18 | 19-21 || total
-------------------------+-------+-------+-------+-------+-------+-------+-------++-------
Melee: Short sword       |    53 |       |    56 |       |       |       |       ||   109
       Rapier            |       |       |       |       |       |    58 |     9 ||    67
 Fire: Hand crossbow     |    82 |   111 |   273 |       |       |       |       ||   466
       Arbalest          |       |       |   103 |   696 |  1737 |  1056 |       ||  3592
       Triple crossbow   |       |       |       |       |       |   814 |    76 ||   890
Throw: Boomerang         |       |       |     4 |       |       |       |       ||     4
 Cast: Apportation       |       |       |       |       |       |    14 |       ||    14
Invok: Heroism           |       |       |     4 |     8 |    19 |    24 |     2 ||    57
       Finesse           |       |       |       |     1 |     8 |     6 |     2 ||    17
 Abil: Evoke Invisibilit |       |       |       |       |     1 |     9 |     2 ||    12
Evoke: Wand              |       |       |     9 |       |    68 |    37 |     4 ||   118
       Box of beasts     |       |       |       |       |     3 |     3 |     1 ||     7
  Use: Scroll            |       |     5 |     8 |     6 |     8 |    13 |       ||    40
       Potion            |       |       |     3 |     2 |       |     3 |       ||     8
 Stab: Sleeping          |     6 |       |     4 |       |       |       |       ||    10
       Paralysed         |       |       |     3 |       |       |       |       ||     3
       Invisible         |       |       |       |       |       |     1 |     2 ||     3
Armor: Robe              |     6 |     5 |    49 |    36 |    11 |       |       ||   107
       Troll leather arm |       |       |       |       |    83 |    77 |     1 ||   161
Dodge: Dodged            |    52 |    31 |   236 |   348 |  1240 |  1414 |    44 ||  3365

Table legend: (Time is in decaauts)
 A = Elapsed time spent in this place.
 B = Non-inter-level travel time spent in this place.
 C = Inter-level travel time spent in this place.
 D = Time resting spent in this place.
 E = Time spent auto-exploring this place.
 F = Levels seen in this place.
 G = Mean time per level.
                   A        B        C        D        E       F      G
               +--------+--------+--------+--------+--------+-----+--------+
         Total |  41516 |  40220 |   1296 |   4942 |  24882 |  36 | 1153.2 |
       Dungeon |  15548 |  14964 |    584 |   1707 |  10107 |  15 | 1036.5 |
        Temple |     13 |      6 |      7 |      0 |      1 |   1 |   13.0 |
          Lair |  11301 |  10827 |    474 |   1912 |   6437 |   6 | 1883.5 |
     Snake Pit |   6716 |   6583 |    133 |    310 |   4111 |   4 | 1679.0 |
  Orcish Mines |   1872 |   1829 |     43 |      7 |   1044 |   2 |  936.0 |
   Elven Halls |   2948 |   2896 |     52 |     71 |   1933 |   3 |  982.7 |
        Bazaar |     40 |     40 |      0 |      0 |     24 |   1 |   40.0 |
        Bailey |    647 |    647 |      0 |    537 |      0 |   1 |  647.0 |
      Ice Cave |   1046 |   1046 |      0 |     52 |    640 |   1 | 1046.0 |
    Desolation |    855 |    855 |      0 |    143 |    370 |   1 |  855.0 |
      Gauntlet |    526 |    526 |      0 |    202 |    211 |   1 |  526.0 |
               +--------+--------+--------+--------+--------+-----+--------+

Top non-repeatable levels by time:
  Lair:3: 2984 daAuts
  Lair:5: 2233 daAuts
 Snake:1: 2168 daAuts
 Snake:4: 2054 daAuts
  Lair:2: 2018 daAuts
     D:4: 1930 daAuts
  Lair:6: 1825 daAuts
  Lair:1: 1631 daAuts
     D:7: 1620 daAuts
 Snake:3: 1533 daAuts
     D:8: 1432 daAuts
   Elf:1: 1421 daAuts
   Orc:2: 1391 daAuts
     D:6: 1340 daAuts
   Elf:2: 1150 daAuts
